Description

TvP tank all in. At 7 minutes you go with 2 vikings 1 raven 4 tanks 22 marines 4 marauders

Replay - INnoVation v Trap: Game 3 - Ever Dream LE

Build Order

Get SALT Encoding   

  12  0:00  SCV  
  13  0:12  SCV  
  14  0:17  Supply Depot  
  14  0:24  SCV  
  15  0:38  SCV  
  15  0:40  Barracks  
  16  0:43  Refinery  
  16  0:51  SCV  
  17  1:03  SCV  
  18  1:15  SCV  
  19  1:27  Reaper, Orbital Command  
  20  1:47  Command Center  
  20  1:51  Supply Depot  
  20  1:53  SCV  
  21  1:59  Marine  
  22  2:05  SCV  
  23  2:10  Factory  
  23  2:18  SCV  
  23  2:19  Bunker  
  23  2:21  Barracks Reactor  
  24  2:26  Refinery  
  26  2:55  Hellion  
  29  2:59  Orbital Command  
  29  3:02  Starport  
  29  3:04  Marine x2  
  32  3:16  Factory Tech Lab  
  32  3:22  Marine x2  
  36  3:39  Barracks  
  36  3:40  Marine x2  
  40  3:48  Factory Tech Lab  
  39  3:57  Marine x2  
  39  3:59  Raven  
  44  4:08  Supply Depot  
  44  4:11  Refinery  
  46  4:17  Supply Depot  
  46  4:29  Siege Tank, Marine  
  53  4:32  Barracks  
  53  4:35  Refinery  
  53  4:42  Supply Depot, Engineering Bay  
  55  4:46  Stimpack  
  58  5:01  Siege Tank  
  58  5:03  Starport Reactor  
  62  5:09  Terran Infantry Weapons Level 1  
  66  5:19  Barracks Tech Lab  
  69  5:33  Barracks x2  
  69  5:36  Siege Tank  
  74  5:44  Combat Shield  
  74  5:49  Medivac x2  
  78  6:03  Marauder x2  
  84  6:08  Siege Tank  
  89  6:19  Viking x2  
  93  6:26  Marauder x2  
  93  6:27  Barracks Tech Lab  
  93  6:28  Barracks Reactor  
  99  6:40  Siege Tank  
  104  6:49  Viking x2  
  106  6:56  Marauder x3  
  114  7:08  Terran Infantry Armor Level 1  
  114  7:14  Concussive Shells  
  118  7:24  Viking x2  
Spawning Tool Build Advisor. Get it on Overwolf

Analysis

TvP tank all in. At 7 minutes you go with 2 vikings 1 raven 4 tanks 22 marines 4 marauders

Go to:

Details

  • Created by: talisman_tv
  • Published on: Oct 22, 2020
  • Modified on: Oct 22, 2020
  • Patch: 4.11.0
  • Difficulty: Medium
Show
View Real Time Build Order
Export as new Build Order

Comments (0)

There are no comments. Be the first!

Create an account to comment!